 Dungeon Crawl Stone Soup version 0.29-a0-542-g075992c915 (webtiles) character file.

Game seed: 3529084618723652371

16865 HoaS the Quickloader (level 12, -4/82 HPs)
             Began as a Kobold Hunter on June 4, 2022.
             Was a High Priest of Okawaru.
             Slain by an eight-headed hydra (11 damage)
             ... on level 3 of the Lair of Beasts.
             The game lasted 00:30:52 (17963 turns).

HoaS the Quickloader (Kobold Hunter)               Turns: 17963, Time: 00:30:53

Health: -4/82      AC: 25    Str: 15    XL:     12   Next: 75%
Magic:  15/17      EV: 28    Int: 15    God:    Okawaru [*****.]
Gold:   942        SH:  0    Dex: 29    Spells: 11/11 levels left

rFire   . . .      SeeInvis .   a - +3 hand crossbow (venom)
rCold   + + .      Faith    .   (no shield)
rNeg    . . .      Spirit   .   w - +6 ice dragon scales of Greater Demons {rF- rC++ Int+4 Dex+7}
rPois   .          Reflect  .   y - +1 helmet
rElec   .          Harm     .   v - +2 cloak
rCorr   .          Rampage  .   t - +2 pair of gloves
Will    .....                   (no boots)
Stlth   ++++......              x - amulet of the acrobat
HPRegen 0.23/turn               C - +6 ring of strength
MPRegen 0.15/turn               l - ring of protection from fire

@: heroic
A: small, no large weapons, nightstalker 3
a: Renounce Religion, Heroism, Finesse, Duel


You were on level 3 of the Lair of Beasts.
You worshipped Okawaru.
Okawaru was extremely pleased with you.
You visited 3 branches of the dungeon, and saw 14 of its levels.
You also visited: Sewer.

You collected 942 gold pieces.

Inventory:

Hand Weapons
 a - a +3 hand crossbow of venom (weapon)
Missiles
 u - 3 throwing nets
Armour
 t - a +2 pair of gloves (worn)
 v - a +2 cloak (worn)
 w - the +6 ice dragon scales of Greater Demons (worn) {rF- rC++ Int+4 Dex+7}
   (Okawaru gifted it to you on level 1 of the Lair of Beasts)

   Int:       It affects your intelligence (+4).
   Dex:       It affects your dexterity (+7).
   rF:        It makes you vulnerable to fire.
   rC:        It greatly protects you from cold.
 y - a +1 helmet (worn)
Jewellery
 f - a +4 ring of evasion
 i - a ring of ice
 l - a ring of protection from fire (right hand)
 x - an amulet of the acrobat (around neck)
 C - a +6 ring of strength (left hand)
Wands
 b - a wand of mindburst (11)
 m - a wand of polymorph (14)
 o - a wand of paralysis (8)
 q - a wand of acid (11)
 r - a wand of charming (8)
 E - a wand of flame (8)
 F - a wand of iceblast (5)
 H - a wand of digging (7)
Scrolls
 c - 8 scrolls of immolation
 g - 4 scrolls of identify
 s - a scroll of brand weapon
 z - 2 scrolls of fear
 B - 3 scrolls of teleportation
Potions
 d - 4 potions of mutation
 e - 2 potions of might
 h - a potion of cancellation
 j - 4 potions of attraction
 k - 2 potions of invisibility
 n - 3 potions of lignification
 p - 5 potions of flight
 A - 3 potions of berserk rage
 D - 2 potions of curing


   Skills:
 * Level 12.9(17.9) Fighting
 * Level 13.9(18.9) Crossbows
 * Level 13.4(18.4) Dodging
 - Level 3.0(8.0) Stealth
 + Level 6.7 Invocations


You had 11 spell levels left.
You didn't know any spells.
Your spell library contained the following spells:

 Spells                   Type           Power      Damage    Failure   Level
 Ozocubu's Armour         Ice            0%         N/A       98%         3
 Metabolic Englaciation   Hex/Ice        0%         N/A       100%        5
 Orb of Destruction       Conj           0%         9d5       100%        7
 Summon Guardian Golem    Hex/Summ       Unusable   N/A       N/A         3
 Simulacrum               Ice/Necr       Unusable   N/A       N/A         6
 Spellforged Servitor     Conj/Summ      Unusable   N/A       N/A         7

Dungeon Overview and Level Annotations

Branches:
Dungeon (10/15)            Temple (1/1) D:6            Lair (3/6) D:10
  Swamp (0/4) Lair:2        Sewer (visited)
  Snake: Lair:2-4    Spider: Lair:2-4       Orc: D:9-12

Altars:
Ashenzari
Cheibriados
Dithmenos
Elyvilon
Fedhas
Gozag
Hepliaklqana
Kikubaaqudgha
Makhleb
Nemelex Xobeh
Okawaru
Qazlal
Ru
Sif Muna
Trog
Uskayaw
Vehumet
Wu Jian
Xom
Yredelemnul
Zin
The Shining One

Shops:
D:5 ?


Innate Abilities, Weirdness & Mutations

You are small and have problems with some larger weapons.
You are completely attuned to the shadows.


Message History

Shoot: a) +3 hand crossbow (venom)
Press: ? - help, Q - select action, (/) - cycle Shift-Dir - straight line, f/p - eight-headed hydra
Aim: an eight-headed hydra (moderately wounded, very poisoned, 88% to hit)
You shoot a bolt.
The bolt completely misses the eight-headed hydra.
The eight-headed hydra closely misses you. x2
The eight-headed hydra completely misses you.
The eight-headed hydra bites you but does no damage. x5
The eight-headed hydra completely misses you.
The eight-headed hydra closely misses you. x2
The eight-headed hydra barely misses you.
The eight-headed hydra bites you!
* * * LOW HITPOINT WARNING * * *
The eight-headed hydra closely misses you.
The eight-headed hydra completely misses you.
The eight-headed hydra bites you but does no damage.
Shoot: a) +3 hand crossbow (venom)
Press: ? - help, Q - select action, (/) - cycle Shift-Dir - straight line, f/p - eight-headed hydra
Aim: an eight-headed hydra (moderately wounded, very poisoned, 88% to hit)
You shoot a bolt. The bolt hits the eight-headed hydra!
The eight-headed hydra is heavily wounded.
The eight-headed hydra closely misses you.
The eight-headed hydra completely misses you.
The eight-headed hydra closely misses you. x2
The eight-headed hydra misses you.
The eight-headed hydra closely misses you.
The eight-headed hydra bites you.
* * * LOW HITPOINT WARNING * * *
The eight-headed hydra completely misses you.
Shoot: a) +3 hand crossbow (venom)
Press: ? - help, Q - select action, (/) - cycle Shift-Dir - straight line, f/p - eight-headed hydra
Aim: an eight-headed hydra (heavily wounded, very poisoned, 88% to hit)
You shoot a bolt. The bolt hits the eight-headed hydra!!
The eight-headed hydra is severely wounded.
The eight-headed hydra misses you.
The eight-headed hydra closely misses you.
The eight-headed hydra barely misses you. x2
The eight-headed hydra completely misses you.
The eight-headed hydra bites you!
You die...

#....#
#....# #....
#†D#
♣♣♣♣♣@.♣
♣♣......♣ .♣
♣♣..♣♣♣♣♣..♣
..♣#♣..♣♣
♣.♣
♣..#..♣.♣ ♣.
## ♣.†...♣.♣
##.
♣..†...♣♣
#.. ♣......♣
##. #+#+####
#..


You could see an eight-headed hydra (poisoned).

Vanquished Creatures
  3 hydras
  Erica (D:9)
  Urug (Lair:2)
  Pikel (D:8)
  A cyclops (D:6)
  An unseen horror (D:10)
  Psyche (D:8)
  8 cane toads
  2 komodo dragons
  An efreet (D:8)
  4 blink frogs (Lair:1)
  A wyvern (Lair:2)
  A wraith (D:10)
  6 yaks (D:9)
  A steam dragon (D:9)
  3 vampire mosquitoes (D:10)
  A basilisk (Lair:2)
  2 swamp worms (Lair:2)
  6 water moccasins
  An acid dragon (D:10)
  2 ice beasts
  4 orc warriors
  3 black bears
  6 ogres
  10 wolves
  A centaur (D:9)
  2 phantoms
  5 gnoll sergeants
  6 kobold brigands
  10 bullfrogs
  A necrophage (D:4)
  4 scorpions
  9 killer bees
  8 howler monkeys
  A gnoll shaman (D:8)
  3 jellies
  4 orc priests
  12 hounds
  3 iguanas
  9 orc wizards
  24 gnolls
  4 adders
  A shadow imp (D:8)
  3 white imps
  An ufetubus (D:5)
  3 worms
  A dart slug (D:4)
  24 orcs
  6 bats
  5 endoplasms
  3 giant cockroaches (D:2)
  8 hobgoblins
  13 jackals
  30 kobolds
  5 quokkas
  4 ball pythons
  2 frilled lizards
  7 goblins
  2 rats
295 creatures vanquished.

Vanquished Creatures (others)
  5 fungi
  8 plants
13 creatures vanquished.

Grand Total: 308 creatures vanquished

Notes
Turn   | Place    | Note
-------+----------+-------------------------------------------
     0 | D:1      | HoaS the Kobold Hunter began the quest for the Orb.
     0 | D:1      | Reached XP level 1. HP: 12/12 MP: 1/1
   170 | D:1      | Reached XP level 2. HP: 17/17 MP: 2/2
   607 | D:1      | Reached XP level 3. HP: 10/21 MP: 3/3
  1085 | D:2      | Found a faded altar of an unknown god.
  1438 | D:2      | Reached XP level 4. HP: 20/26 MP: 4/4
  1604 | D:2      | Reached XP level 5. HP: 30/30 MP: 5/5
  2473 | D:3      | Noticed a black bear
  2847 | D:4      | Reached XP level 6. HP: 22/35 MP: 6/6
  3535 | D:4      | Noticed a black bear
  3545 | D:4      | Killed a black bear
  3546 | D:4      | Reached skill level 10 in Crossbows
  3546 | D:4      | Reached XP level 7. HP: 37/40 MP: 7/7
  3902 | D:5      | Entered Level 5 of the Dungeon
  4584 | D:5      | Found Huesch's Magic Scroll Shoppe.
  4662 | D:5      | Found the amulet of Elemental Vulnerability {rPois rF--
                  | rC-- AC+8}
  5045 | D:5      | Reached XP level 8. HP: 48/48 MP: 8/8
  5074 | D:5      | Reached skill level 5 in Dodging
  5195 | D:5      | Found a shadowy altar of Dithmenos.
  5522 | D:5      | Found a blossoming altar of Fedhas.
  6074 | D:6      | Reached skill level 5 in Fighting
  6098 | D:6      | Found a glowing drain.
  6109 | Sewer    | Entered a sewer
  6759 | D:6      | Found a staircase to the Ecumenical Temple.
  6835 | Temple   | Entered the Ecumenical Temple
  7353 | Temple   | Became a worshipper of Warmaster Okawaru
  7653 | D:6      | Reached XP level 9. HP: 56/56 MP: 9/9
  7664 | D:6      | Reached skill level 1 in Invocations
  7934 | D:6      | Reached * piety under Okawaru
  8714 | D:6      | Reached ** piety under Okawaru
  8715 | D:6      | Reached XP level 10. HP: 29/65 MP: 12/12
  9171 | D:6      | Noticed a cyclops
  9191 | D:6      | Killed a cyclops
  9192 | D:6      | Reached skill level 10 in Dodging
  9742 | D:6      | Reached skill level 10 in Fighting
 10787 | D:8      | Reached *** piety under Okawaru
 10804 | D:8      | Noticed Pikel
 10815 | D:8      | Killed Pikel
 10816 | D:8      | Noticed an efreet
 10844 | D:8      | Killed an efreet
 10852 | D:8      | Reached XP level 11. HP: 34/73 MP: 14/14
 11204 | D:8      | Noticed Psyche
 11212 | D:8      | Killed Psyche
 11649 | D:9      | Reached **** piety under Okawaru
 12109 | D:9      | Noticed Erica
 12115 | D:9      | Killed Erica
 12116 | D:9      | Reached skill level 5 in Invocations
 12339 | D:10     | Entered Level 10 of the Dungeon
 12383 | D:10     | Noticed a sea snake
 12708 | D:10     | Reached ***** piety under Okawaru
 12930 | D:10     | Found a staircase to the Lair.
 13713 | Lair:1   | Entered Level 1 of the Lair of Beasts
 14106 | Lair:1   | Identified the +6 ice dragon scales of Greater Demons {rF-
                  | rC++ Int+4 Dex+7} (Okawaru gifted it to you on level 1 of
                  | the Lair of Beasts)
 14106 | Lair:1   | Received a gift from Okawaru
 14108 | Lair:1   | HP: 2/76 [wolf (8)]
 14709 | Lair:1   | Reached XP level 12. HP: 81/81 MP: 16/16
 15608 | Lair:2   | Identified the +0 ring mail of Mezcal {Str+4}
 15991 | Lair:2   | Found a staircase to the Swamp.
 16213 | Lair:2   | Noticed a four-headed hydra
 17129 | Lair:2   | Noticed Urug
 17139 | Lair:2   | Killed Urug
 17195 | Lair:2   | Noticed a seven-headed hydra
 17209 | Lair:2   | Killed a seven-headed hydra
 17218 | Lair:2   | Killed a four-headed hydra
 17729 | Lair:3   | Noticed a five-headed hydra
 17742 | Lair:3   | Killed a five-headed hydra
 17947 | Lair:3   | Noticed an eight-headed hydra
 17963 | Lair:3   | Slain by an eight-headed hydra

Illustrated notes

Levels and vault maps discovered:
D:1:      saegor_arrival_simple_c, layout_basic, minmay_hedge_maze,
          minmay_misc_feat_ornament, minmay_tiny_reverse_x
D:2:      layout_basic, nicolae_ecumenical_pavilion
D:3:      layout_basic
D:4:      layout_gridville
D:5:      layout_layer_cave, amcnicky_altar_gilded, old_standard_altar,
          serial_shops, nicolae_take_the_stairs, minmay_joined_circles
D:6:      lemuel_castle_with_subvaults [lemuel_castle_interior_carwin_1],
          layout_basic, minmay_temple_entry_glassed_door, portal_sewer_entry_d,
          st_stairs_6
D:7:      layout_loops_ring
D:8:      layout_rooms, uniq_pikel, uniq_psyche
D:9:      layout_rooms, nicolae_underground_beach, uniq_erica
D:10:     layout_roguey, lair_entry_dummy, serial_aquarium,
          aquarium_bridge_island_small [aquarium_subvault_small_water,
          aquarium_subvault_bridge, aquarium_subvault_wall,
          aquarium_subvault_bridge, aquarium_subvault_bridge],
          aquarium_window_1, aquarium_window_fake, aquarium_view_2f,
          aquarium_view_2b, aquarium_balcony_3b, aquarium_pool_1
Temple:   mainiacjoe_temple_big_plus
Lair:1:   layout_layer_cave, lemuel_fruit_tree
Lair:2:   wander_river, layout_chaotic_city, minmay_swamp_entry_worms,
          serial_bayou_shore_b, infiniplex_staircase_pool_2, uniq_urug
Lair:3:   wad_woods_structure_01, layout_concentric_octagons,
          gauntlet_entry_generic, patterned_corridor

Skill      XL: |  1  2  3  4  5  6  7  8  9 10 11 12 |
---------------+-------------------------------------+-----
Crossbows      | 6 7 9 10 11 12 13 | 13.9
Dodging        | 3 4 7 9 10 12 13 | 13.4
Stealth        | 3 |  3.0
Fighting       | 4 6 8 10 12 | 12.9
Invocations    | 3 4 5 6 |  6.7

Action                   |  1- 3 |  4- 6 |  7- 9 | 10-12 || total
-------------------------+-------+-------+-------+-------++-------
Melee: Unarmed           |       |       |       |     4 ||     4
 Fire: Hand crossbow     |    84 |   121 |   392 |   646 ||  1243
Throw: Throwing net      |       |       |       |     2 ||     2
Invok: Heroism           |       |       |       |     4 ||     4
       Finesse           |       |       |       |     2 ||     2
  Use: Scroll            |     3 |     5 |    10 |    13 ||    31
       Potion            |       |     2 |       |    13 ||    15
Armor: Leather armour    |    12 |     7 |    24 |    40 ||    83
       Ice dragon scales |       |       |       |    99 ||    99
Dodge: Dodged            |    41 |    49 |   213 |   741 ||  1044

Table legend: (Time is in decaauts)
 A = Elapsed time spent in this place.
 B = Non-inter-level travel time spent in this place.
 C = Inter-level travel time spent in this place.
 D = Time resting spent in this place.
 E = Time spent auto-exploring this place.
 F = Levels seen in this place.
 G = Mean time per level.
                   A        B        C        D        E       F      G
               +--------+--------+--------+--------+--------+-----+--------+
         Total |  18059 |  17465 |    594 |   5565 |   9731 |  15 | 1203.9 |
       Dungeon |  12947 |  12445 |    502 |   3519 |   7278 |  10 | 1294.7 |
        Temple |    548 |    487 |     61 |      0 |    474 |   1 |  548.0 |
          Lair |   4293 |   4263 |     30 |   1901 |   1878 |   3 | 1431.0 |
         Sewer |    270 |    270 |      0 |    145 |    100 |   1 |  270.0 |
               +--------+--------+--------+--------+--------+-----+--------+

Top non-repeatable levels by time:
     D:6: 3024 daAuts
  Lair:1: 2282 daAuts
     D:5: 1829 daAuts
  Lair:2: 1730 daAuts
    D:10: 1378 daAuts
     D:4: 1207 daAuts
     D:1: 1098 daAuts
     D:2: 1061 daAuts
     D:7: 883 daAuts
     D:8: 867 daAuts
     D:3: 846 daAuts
     D:9: 750 daAuts
  Temple: 548 daAuts
  Lair:3: 279 daAuts
   Sewer: 270 daAuts
